 Dungeon Crawl Stone Soup version 0.23.2-33-g5129a83184 (webtiles) character file.

Game seed: 1871037657313543891

2734 Folque the Geomancer (level 9, -15/67 HPs)
             Began as a Purple Draconian Earth Elementalist on July 2, 2019.
             Was a Follower of Sif Muna.
             Demolished by a manticore (18 damage)
             ... on level 8 of the Dungeon.
             The game lasted 00:29:17 (8059 turns).

Folque the Geomancer (DrEE)                         Turns: 8059, Time: 00:29:18

Health: -15/67     AC: 10    Str: 11    XL:     9   Next: 40%
Magic:  10/18      EV: 14    Int: 24    God:    Sif Muna [*.....]
Gold:   508        SH:  0    Dex: 11    Spells: 0/20 levels left

rFire    . . .     SeeInvis .   k - +0 short sword (venom)
rCold    . . .     Gourm    .   (no shield)
rNeg     . . .     Faith    .   (armour unavailable)
rPois    .         Spirit   .   (helmet restricted)
rElec    .         Reflect  .   m - scarf {cloud immunity}
rCorr    +         Harm     .   B - +2 pair of gloves
MR       +....                  (no boots)
Stlth    ++........             (no amulet)
HPRegen  0.21/turn              q - ring of resist corrosion
MPRegen  0.16/turn              (no ring)

@: brilliant
A: breathe power, unfitting armour, cold-blooded, AC +7
a: Breathe Dispelling Energy, Divine Energy, Renounce Religion


You were on level 8 of the Dungeon.
You worshipped Sif Muna.
Sif Muna was aware of your devotion.
You were hungry.

You visited 2 branches of the dungeon, and saw 9 of its levels.

You collected 508 gold pieces.

Inventory:

Hand Weapons
 d - a +0 dagger
 k - a +0 short sword of venom (weapon)
 t - a +0 lajatang
 z - a +1 vampiric dagger
Missiles
 b - 286 stones (quivered)
Armour
 m - a scarf of cloud immunity (worn)
 n - a +0 pair of gloves
 B - a +2 pair of gloves (worn)
Jewellery
 p - a cursed amulet of inaccuracy {unknown}
 q - a ring of resist corrosion (left hand)
 u - a +4 ring of slaying {unknown}
Wands
 w - a wand of polymorph (1)
 A - a wand of acid (10)
Scrolls
 a - a scroll of enchant weapon {unknown}
 i - 2 scrolls of immolation {unknown}
 l - a scroll of remove curse
 o - 6 scrolls of identify
 v - 3 scrolls of magic mapping {unknown}
 y - 5 scrolls of teleportation {unknown}
 E - a scroll of fog
 G - a scroll of fear {unknown}
Potions
 e - a potion of haste
 f - a potion of resistance {unknown}
 g - a potion of lignification {unknown}
 h - a potion of invisibility {unknown}
 j - 2 potions of flight {unknown}
 r - a potion of brilliance
 s - 3 potions of agility
 x - a potion of berserk rage {unknown}
 C - a potion of might {unknown}
 D - a potion of mutation {unknown}
Comestibles
 c - 8 rations


   Skills:
 - Level 2.0 Fighting
 - Level 4.6 Dodging
 + Level 2.1 Stealth
 - Level 6.1 Spellcasting
 - Level 3.5 Conjurations
 - Level 3.0 Charms
 * Level 3.3 Transmutations
 - Level 9.3 Earth Magic


You couldn't memorise any spells.
You knew the following spells:

 Your Spells              Type           Power        Failure   Level  Hunger
a - Sandblast             Erth           ######       1%          1    None
b - Passwall              Tmut/Erth      ######..     1%          2    None
c - Stone Arrow           Conj/Erth      ######       1%          3    #......
d - Lee's Rapid Deconstr  Erth           ######....   1%          5    #####..
e - Petrify               Tmut/Erth      ######..     1%          4    ###....
f - Regeneration          Chrm/Necr      ####......   1%          3    #......
g - Swiftness             Chrm/Air       ####....     1%          2    None

Your spell library contained the following spells:

 Spells                   Type           Power        Failure   Level  Hunger
 Animate Skeleton         Necr           N/A          1%          1    None
 Pain                     Necr           ###.         1%          1    None
 Shock                    Conj/Air       ####         1%          1    None
 Static Discharge         Conj/Air       ####....     1%          3    #......
 Vampiric Draining        Necr           ###.......   3%          3    #......
 Airstrike                Air            ###.......   9%          4    ###....
 Animate Dead             Necr           N/A          9%          4    ###....
 Lightning Bolt           Conj/Air       ####......   12%         5    #####..


Dungeon Overview and Level Annotations

Branches:
Dungeon (8/15)             Temple (1/1) D:6
   Lair: D:8-11

Altars:
Ashenzari
Cheibriados
Dithmenos
Elyvilon
Fedhas
Gozag
Hepliaklqana
Kikubaaqudgha
Makhleb
Nemelex Xobeh
Okawaru
Qazlal
Ru
Sif Muna
Trog
Uskayaw
Vehumet
Wu Jian
Xom
Yredelemnul
Zin
The Shining One

Shops:
D:5 (   D:8 *

Annotations:
D:4 Ijyb


Innate Abilities, Weirdness & Mutations

You can breathe bolts of dispelling energy.
Your rich purple scales are hard. (AC +7)
You cannot fit into any form of body armour.
You are cold-blooded and may be slowed by cold attacks.


Message History

The manticore is moderately wounded.
The manticore bites you! The manticore claws you.
The manticore claws you but does no damage.
Casting: Stone Arrow (safe; 2% risk of failure)
Confirm with . or Enter, or press ? or * to list all spells.
Aiming: Stone Arrow (safe; 2% risk of failure)
Press: ? - help, Shift-Dir - straight line, f/p - manticore
Aim: a manticore (moderately wounded, poisoned)
The stone arrow hits the manticore.
The manticore is moderately wounded.
The manticore bites you!
* * * LOW HITPOINT WARNING * * *
The manticore claws you.
* * * LOW HITPOINT WARNING * * *
The manticore claws you!
* * * LOW HITPOINT WARNING * * *
It was a potion of brilliance.
You feel clever all of a sudden. The manticore bites you!!
You die...

### ..#
#.# #.#
#.# #.#
#H# #@#
#####.###
#.......#
#.#####.#
#.# #.#
#.# #.#
#.#


You could see a manticore.

Vanquished Creatures
  Joseph (D:7)
  Edmund (D:3)
  An orc warrior (D:5)
  A black bear (D:6)
  2 phantoms
  2 ogres
  4 centaurs
  A big kobold (D:5)
  3 bullfrogs
  A gnoll sergeant (D:8)
  2 scorpions
  5 killer bees (D:7)
  A centaur zombie (D:7)
  2 crimson imps (D:6)
  A bullfrog zombie (D:7)
  A bullfrog skeleton (D:7)
  2 hounds
  2 centaur skeletons
  An iguana (D:4)
  3 orc wizards
  2 worker ants
  Robin (D:2)
  A howler monkey skeleton (D:7)
  2 worker ant zombies
  7 gnolls
  8 adders
  A shadow imp (D:5)
  4 oozes
  3 adder zombies (D:5)
  3 worms
  5 dart slugs
  10 leopard geckos
  19 orcs
  5 giant cockroaches
  14 goblins
  8 hobgoblins
  10 jackals
  7 quokkas
  6 bats
  9 frilled lizards
  18 kobolds
  2 leopard gecko skeletons
  11 rats
193 creatures vanquished.

Notes
Turn   | Place    | Note
-------+----------+-------------------------------------------
     0 | D:1      | Folque the Draconian Earth Elementalist began the quest for
                  | the Orb.
     0 | D:1      | Reached XP level 1. HP: 14/14 MP: 3/3
    90 | D:1      | Reached skill level 1 in Fighting
   442 | D:1      | Reached XP level 2. HP: 10/23 MP: 3/5
   456 | D:1      | Learned a level 2 spell: Passwall
   952 | D:1      | Reached XP level 3. HP: 21/29 MP: 2/6
   963 | D:1      | Learned a level 3 spell: Stone Arrow
  1430 | D:2      | Found a snail-covered altar of Cheibriados.
  1489 | D:2      | Noticed Robin
  1510 | D:2      | HP: 1/29 [goblin/+0 dagger[Robin] (2)]
  1512 | D:2      | Killed Robin
  1512 | D:2      | Reached XP level 4. HP: 14/36 MP: 0/8
  1862 | D:2      | Found a hide-covered altar of Uskayaw.
  2519 | D:3      | Reached XP level 5. HP: 41/41 MP: 1/10
  2521 | D:3      | Reached skill level 1 in Conjurations
  2559 | D:3      | Learned a level 5 spell: Lee's Rapid Deconstruction
  2754 | D:3      | Reached skill level 4 in Earth Magic
  3285 | D:4      | Noticed an ogre
  3292 | D:4      | Killed an ogre
  3292 | D:4      | Reached XP level 6. HP: 48/48 MP: 0/12
  3473 | D:4      | Noticed Edmund
  3475 | D:4      | Noticed Ijyb
  3500 | D:3      | Killed Edmund
  3872 | D:5      | Entered Level 5 of the Dungeon
  3924 | D:5      | Found Ampueciv's Weapon Shop.
  3940 | D:5      | Your scales start taking on a rich purple colour.
  3940 | D:5      | Reached skill level 5 in Spellcasting
  3940 | D:5      | Reached XP level 7. HP: 55/55 MP: 11/15
  4117 | D:5      | Reached skill level 5 in Earth Magic
  4420 | D:5      | Found an opulent altar of Gozag.
  4623 | D:5      | Learned a level 4 spell: Petrify
  4755 | D:6      | Reached skill level 6 in Earth Magic
  4948 | D:6      | Reached XP level 8. HP: 17/61 MP: 0/17
  5083 | D:6      | Found a sparkling altar of Nemelex Xobeh.
  5104 | D:6      | Found a staircase to the Ecumenical Temple.
  5122 | Temple   | Entered the Ecumenical Temple
  5292 | Temple   | Became a worshipper of Sif Muna the Loreminder
  5323 | D:6      | Learned a level 3 spell: Regeneration
  5352 | D:6      | Found a sacrificial altar of Ru.
  5358 | D:6      | Reached skill level 1 in Charms
  5358 | D:6      | Reached skill level 7 in Earth Magic
  5883 | D:7      | Noticed Joseph
  6007 | D:7      | Reached skill level 8 in Earth Magic
  6038 | D:7      | Killed Joseph
  6038 | D:7      | Reached * piety under Sif Muna
  6038 | D:7      | Reached XP level 9. HP: 4/67 MP: 0/18
  6602 | D:7      | Found a stormy altar of Qazlal.
  6789 | D:7      | Learned a level 2 spell: Swiftness
  6839 | D:7      | Reached skill level 9 in Earth Magic
  6857 | D:7      | Found a basalt altar of Yredelemnul.
  7446 | D:8      | Noticed a two-headed ogre
  7599 | D:8      | Found Souph's Assorted Antiques.
  7685 | D:8      | Noticed a two-headed ogre
  8043 | D:8      | Noticed a manticore
  8058 | D:8      | HP: 3/67 [manticore (9)]
  8059 | D:8      | Demolished by a manticore

Skill      XL: |  1  2  3  4  5  6  7  8  9 |
---------------+----------------------------+-----
Fighting       | 1 2 |  2.0
Spellcasting   | 3 4 5 6 |  6.1
Conjurations   | 2 3 |  3.5
Earth Magic    | 4 6 8 9 |  9.3
Dodging        | 2 4 |  4.6
Charms         | 3 |  3.0
Transmutations | 3 |  3.3
Stealth        | 2 |  2.1

Action                   |  1- 3 |  4- 6 |  7- 9 || total
-------------------------+-------+-------+-------++-------
Melee: Unarmed           |    29 |     5 |       ||    34
       Dagger            |    56 |       |       ||    56
       Tailslap          |     9 |    10 |    21 ||    40
       Short sword       |    37 |   130 |   160 ||   327
 Cast: Sandblast         |    19 |    19 |    32 ||    70
       Stone Arrow       |     1 |    18 |    54 ||    73
       Passwall          |       |     1 |       ||     1
       Lee's Rapid Decon |       |       |    18 ||    18
       Petrify           |       |       |    16 ||    16
       Regeneration      |       |       |     1 ||     1
       Swiftness         |       |       |     2 ||     2
 Abil: Breathe Dispellin |       |       |     2 ||     2
Evoke: Wand              |       |       |     2 ||     2
  Use: Scroll            |     4 |     1 |       ||     5
       Potion            |     1 |     1 |     5 ||     7
 Stab: Sleeping          |     2 |     5 |     1 ||     8
       Confused          |       |     1 |       ||     1
       Petrified         |       |       |    21 ||    21
       Distracted        |       |       |     1 ||     1
  Eat: Chunk             |     2 |    10 |    19 ||    31
       Ration            |       |       |     1 ||     1
Armor: Skin              |    30 |    41 |    53 ||   124
Dodge: Dodged            |    93 |    96 |   127 ||   316
